 Dungeon Sprint DCSS version 0.28-a0-71-g84acfa7270 (webtiles) character file.

Game seed: 11773427230203235535

4 Zeldest the Ruffian (level 1, -9/22 HPs)
             Began as a Troll Fighter on Aug 2, 2021.
             Mangled by an ogre (23 damage)
             ... in the Dungeon (Sprint IX: "|||||||||||||||||||||||||||||").
             The game lasted 00:00:12 (25 turns).

Zeldest the Ruffian (Troll Fighter)                   Turns: 25, Time: 00:00:12

Health: -9/22      AC:  4    Str: 23    XL:     1   Next: 58%
Magic:  0/0        EV:  7    Int:  4    God:
Gold:   0          SH:  8    Dex:  9    Spells: 0/0 levels left

rFire   . . .      SeeInvis .     - Unarmed
rCold   . . .      Faith    .   b - +0 kite shield
rNeg    . . .      Spirit   .   a - +0 robe
rPois   .          Reflect  .   (helmet restricted)
rElec   .          Harm     .   (no cloak)
rCorr   .          Rampage  .   (gloves unavailable)
Will    .....      NoTele   +   (boots unavailable)
Stlth   +.........              (no amulet)
HPRegen 1.07/turn               (no ring)
MPRegen 0.07/turn               (no ring)

@: no status effects
A: large, unfitting armour, claws 3, regeneration 1, shaggy fur 1, tough skin 1
a: no special abilities


You were in the Dungeon.
You visited 1 branch

Inventory:

Armour
 a - a +0 robe (worn)
 b - a +0 kite shield (worn)
Scrolls
 i - a scroll of blinking
Potions
 c - a potion of might
 d - a potion of curing
 e - a potion of heal wounds
 f - a potion of haste
 g - 2 potions of magic
 h - a potion of berserk rage


   Skills:
 - Level 2.4 Fighting
 - Level 2.4 Dodging
 - Level 2.4 Shields
 + Level 3.9 Unarmed Combat


You couldn't memorise any spells.
You didn't know any spells.
Your spell library was empty.

Dungeon Overview and Level Annotations

Branches:
Dungeon (1/1)

Altars:


Innate Abilities, Weirdness & Mutations

You are too large for most types of armour.
You have claws for hands.
Your natural rate of healing is unusually fast.
You are covered in fur. (AC +1)
You have tough skin. (AC +1)


Message History

You scratch the rat but do no damage. You block the rat's attack.
You claw the rat!
You kill the rat!
You block the ball python's attack.
Your shield prevents you from hitting the ball python.
The ball python barely misses you.
You barely miss the ball python.
The ball python bites you but does no damage.
You completely miss the ball python.
The ball python bites you but does no damage.
You block the ball python's attack.
You claw the ball python!
You kill the ball python!
Your Unarmed Combat skill increases to level 3!
You closely miss the jackal. You block the jackal's attack.
The jackal closely misses you.
You barely miss the jackal. You block the jackal's attack.
The jackal bites you.
You scratch the jackal.
The jackal is heavily wounded.
You block the jackal's attack.
You claw the jackal!
You kill the jackal!
You block the bat's attack. The bat hits you but does no damage.
You scratch the bat.
You kill the bat!
Things that are here:
a ball python corpse; a rat corpse You open the door. 3 hounds and 2 ogres come into view.
The ogre shouts!
The hound barks!
The hound barks!
You scratch the ogre.
The ogre is lightly wounded.
The ogre hits you with a +0 giant club!
You claw the ogre!
The ogre is moderately wounded.
The ogre hits you with a +0 giant club!!
Ouch! That really hurt!
You die... ▓▓▓▓▓▓▓▓▓▓▓▓▓▓▓▓▓▓ ▓<...'†...@OhhhO.+ ▓▓▓▓▓▓▓▓▓▓▓▓▓▓▓▓▓▓

You could see 2 ogres and 3 hounds.

Vanquished Creatures
  A jackal (D)
  A ball python (D)
  2 bats (D)
  A rat (D)
5 creatures vanquished.

Notes
Turn   | Place    | Note
-------+----------+-------------------------------------------
     0 | D        | Zeldest the Troll Fighter began the quest for the Orb.
     0 | D        | Reached XP level 1. HP: 22/22 MP: 0/0
    13 | D        | Reached skill level 3 in Unarmed Combat
    23 | D        | Noticed an ogre
    23 | D        | Noticed a hound
    23 | D        | Noticed a hound
    23 | D        | Noticed a hound
    23 | D        | Noticed an ogre
    25 | D        | Mangled by an ogre

Illustrated notes

Levels and vault maps discovered:
D:        linesprint [early_d, line_temple, items_1, d_10, items_2, lair_1,
          lair_end, items_3, orc_1, orc_end, items_4, d_15, swamp_1, shoals_1,
          snake_1, spider_1, d_20, vaults_1, items_5, swamp_end, shoals_end,
          snake_end, spider_end, vaults_end, d_27, items_6, zot_1, zot_end,
          crypt_end, forest_end, elf_end, slime_end, tomb_end, abyss_end,
          pan_hell_end]

Skill      XL: |  1 |
---------------+----+-----
Unarmed Combat | 3 |  3.9
Fighting       | |  2.4
Dodging        | |  2.4
Shields        | |  2.4

Action                   || total
-------------------------++-------
Melee: Unarmed           ||    15
Armor: Robe              ||     3
Dodge: Dodged            ||     4
Block: Kite shield       ||     9

Table legend: (Time is in decaauts)
 A = Elapsed time spent in this place.
 B = Non-inter-level travel time spent in this place.
 C = Inter-level travel time spent in this place.
 D = Time resting spent in this place.
 E = Time spent auto-exploring this place.
 F = Levels seen in this place.
 G = Mean time per level.
                   A        B        C        D        E       F      G
               +--------+--------+--------+--------+--------+-----+--------+
         Total |     27 |     27 |      0 |      0 |      0 |   1 |   27.0 |
       Dungeon |     27 |     27 |      0 |      0 |      0 |   1 |   27.0 |
               +--------+--------+--------+--------+--------+-----+--------+

Top non-repeatable levels by time:
       D: 27 daAuts
